 Dungeon Crawl Stone Soup version 0.28.0-49-g6dfe1f597d (webtiles) character file.

Game seed: 16730721444446473761

19 Revguard the Ducker (level 2, 0/22 HPs)
             Began as a Demonspawn Gladiator on May 12, 2022.
             Slain by a gnoll
             ... wielding a +0 whip
              (6 damage)
             ... on level 2 of the Dungeon.
             The game lasted 00:02:44 (1303 turns).

Revguard the Ducker (Demonspawn Gladiator)          Turns: 1303, Time: 00:02:44

Health: 0/22       AC:  6    Str: 14    XL:     2   Next: 55%
Magic:  2/2        EV:  6    Int:  9    God:
Gold:   65         SH:  0    Dex: 14    Spells: 0/1 levels left

rFire   . . .      SeeInvis .   a - +0 rapier
rCold   . . .      Faith    .   (no shield)
rNeg    . . .      Spirit   .   b - +0 leather armour
rPois   .          Reflect  .   c - +0 helmet
rElec   .          Harm     .   (no cloak)
rCorr   .          Rampage  .   (no gloves)
Will    .....                   (no boots)
Stlth   +.........              (no amulet)
HPRegen 0.07/turn               (no ring)
MPRegen 0.08/turn               (no ring)

@: held
A: yellow scales 1
a: no special abilities


You were on level 2 of the Dungeon.
You visited 1 branch of the dungeon, and saw 2 of its levels.

You collected 65 gold pieces.

Inventory:

Hand Weapons
 a - a +0 rapier (weapon)
Missiles
 d - 3 throwing nets (quivered)
Armour
 b - a +0 leather armour (worn)
 c - a +0 helmet (worn)
Scrolls
 e - a scroll of amnesia {unknown}
 g - a scroll of teleportation {unknown}
Potions
 f - a potion of curing {unknown}
 h - a potion of heal wounds {unknown}


   Skills:
 + Level 2.1 Fighting
 + Level 2.8 Short Blades
 - Level 1.7 Throwing
 * Level 0.7 Armour
 + Level 2.8 Dodging
 * Level 0.9 Stealth
 + Level 0.4 Spellcasting
 + Level 0.3 Hexes


You couldn't memorise any spells.
You knew the following spells:

 Your Spells              Type           Power      Damage    Failure   Level
a - Slow                  Hex            0%         N/A       41%         1

Your spell library contained the following spells:

 Spells                   Type           Power      Damage    Failure   Level
 Confusing Touch          Hex            0%         N/A       78%         3
 Vampiric Draining        Necr           0%         2d6       83%         3


Dungeon Overview and Level Annotations

Branches:
Dungeon (2/15)

Altars:


Innate Abilities, Weirdness & Mutations

You are partially covered in yellow scales. (AC +2)


Message History

Moving in this stuff is going to be slow.
Partly explored, can't reach some places.
Partly explored, can't reach some places.
Okay, then.
(D) Dungeon
Where to? (? - help)
There is a stone staircase leading down here.
You climb downwards.
There is a stone staircase leading up here.
Found 17 stones.
A goblin comes into view. It is wielding a +0 dagger.
The goblin hits you but does no damage.
You hit the goblin.
You kill the goblin!
Things that are here:
a +0 dagger; a goblin corpse
Found a ring mail.
You see here a +0 ring mail.
Found 14 arrows.
You see here 14 arrows.
A gnoll comes into view.
It is wielding a +0 flail. 2 gnolls and a dart slug come into view.
Found a stone staircase leading down.
The gnoll shouts! x3
The dart slug briefly extends its eye-stalks.
A gnoll comes into view. It is wielding a +0 club.
The gnoll hits you from afar with a +0 spear.
A rat comes into view.
The gnoll throws a throwing net.
The throwing net hits you.
You become entangled in the net!
You see here a throwing net.
You struggle against the net.
The gnoll shouts!
The gnoll hits you but does no damage.
You struggle against the net.
The gnoll hits you from afar with a +0 spear.
You tear a large gash into the net.
The gnoll hits you with a +0 flail!
* * * LOW HITPOINT WARNING * * *
The gnoll hits you with a +0 whip.
You die...

#####
##.....
.......
###...♣...
#gggw.....
#@#.♣...>.
#.#.w. ...
#.#.#.♣ .
#.#.##..
#.#.# #..
#.#.. ...
#.### ..
#.# #.#


You could see 3 gnolls and a dart slug.

Vanquished Creatures
  5 ball pythons (D:1)
  3 bats (D:1)
  An endoplasm (D:1)
  A goblin (D:2)
  A hobgoblin (D:1)
  3 quokkas (D:1)
  A frilled lizard (D:1)
  2 kobolds (D:1)
  2 rats (D:1)
19 creatures vanquished.

Vanquished Creatures (others)
  A plant (D:1)
1 creature vanquished.

Grand Total: 20 creatures vanquished

Notes
Turn   | Place    | Note
-------+----------+-------------------------------------------
     0 | D:1      | Revguard the Demonspawn Gladiator began the quest for the
                  | Orb.
     0 | D:1      | Reached XP level 1. HP: 16/16 MP: 1/1
     6 | D:1      | Noticed an iguana
     6 | D:1      | Noticed a salamander
     7 | D:1      | Noticed a hog
     7 | D:1      | Noticed a lindwurm
   185 | D:1      | Found a faded altar of an unknown god.
   428 | D:1      | Gained mutation: You are partially covered in yellow
                  | scales. (AC +2) [demonic ancestry]
   428 | D:1      | Reached XP level 2. HP: 21/22 MP: 2/2
   826 | D:1      | Learned a level 1 spell: Slow
  1303 | D:2      | Slain by a gnoll

Illustrated notes

Levels and vault maps discovered:
D:1:      onia_arrival_zoo_common, layout_basic, shapermc_ecumenical_altar_gd,
          serial_bayou, serial_bayou_lake_a, serial_bayou_pond_b,
          serial_bayou_lagoon_b, serial_bayou_crossing,
          hangedman_abyss_or_decor_lesser_grid
D:2:      layout_loops_ring, basic_altar, grunt_ministairs_2,
          minmay_misc_feat_roman, uniq_sigmund, uniq_jessica

Action                   || total
-------------------------++-------
Melee: Rapier            ||    67
 Stab: Sleeping          ||     1
Armor: Leather armour    ||    44
Dodge: Dodged            ||    58
